MID
WEST VIRGINIA POWER @ GREENSBORO GRASSHOPPERS
05/01/2045
 
TOP OF THE 1ST
West Virginia Power batting - Pitching for Greensboro Grasshoppers : RHP Zack Evans
Pitching: RHP Zack Evans
Batting: RHB Jordan Robinson 0-0: Ball
1-0: Called Strike
1-1: Swinging Strike
1-2: Ball
2-2: SINGLE (Groundball, 56D, EV 94.4 MPH)
Batting: RHB Jose Lozano 0-0: Ball
Jordan Robinson steals 2nd base
1-0: Ground out 6-3 (Groundball, 56, EV 80.0 MPH)
Batting: LHB Pat Baker 0-0: Ball
Jordan Robinson steals 3rd base
1-0: Ball
2-0: SINGLE (Groundball, 34D, EV 104.4 MPH)
Jordan Robinson scores
Batting: RHB Tom Primmer 0-0: Called Strike
0-1: Ball
1-1: Foul Ball, location: 2F
1-2: SINGLE (Groundball, 56D, EV 100.6 MPH)
Pat Baker to second
Batting: RHB Chris Beckham 0-0: Ball
1-0: Swinging Strike
1-1: Ball
2-1: Ball
3-1: SINGLE (Groundball, 56D, EV 95.0 MPH)
Pat Baker to third
Tom Primmer to second
Batting: RHB Roberto Guzman 0-0: Ball
1-0: Reached on error, E6 (Groundball, 6S, EV 88.1 MPH)
Pat Baker scores
Tom Primmer to third
Chris Beckham to second
Batting: RHB Alfredo Medrano 0-0: Called Strike
0-1: SINGLE (Line Drive, 7S, EV 85.0 MPH)
Tom Primmer scores
Chris Beckham to third
Roberto Guzman to second
Batting: RHB Pleun Smit 0-0: Ball
1-0: Swinging Strike
1-1: Ball
2-1: Foul Ball, location: 2F
2-2: Fielders Choice at 2nd, 5-4 (Groundball, 5, EV 103.1 MPH)
Chris Beckham scores
Roberto Guzman to third
Batting: RHB Steve Dennis 0-0: Ball
1-0: Ball
2-0: Ground out 1-3 (Groundball, 15S, EV 66.9 MPH)
Top of the 1st over - 4 runs, 5 hits, 1 error, 2 left on base; West Virginia 4 - Greensboro 0
BOTTOM OF THE 1ST
Greensboro Grasshoppers batting - Pitching for West Virginia Power : RHP Nelson Villalva
Pitching: RHP Nelson Villalva
Batting: RHB Rick Fell 0-0: Foul Ball, location: 2F
0-1: Ball
1-1: Ball
2-1: Ball
3-1: Foul Ball, location: 2F
3-2: SINGLE (Groundball, 6MD, EV 103.1 MPH)
Batting: LHB Jose Cabello 0-0: Ball
1-0: Called Strike
1-1: Called Strike
1-2: Ball
2-2: Ball
3-2: Foul Ball, location: 2F
3-2: Base on Balls
Rick Fell to second
Batting: RHB Akira Suzuki 0-0: Swinging Strike
0-1: Foul Ball, location: 2F
0-2: Foul Ball, location: 2F
0-2: Strikes out swinging
Batting: RHB Willie Chavez 0-0: Ball
1-0: Called Strike
1-1: Ball
2-1: Foul Ball, location: 2F
2-2: Foul Ball, location: 2F
2-2: Ball
3-2: Foul Ball, location: 2F
3-2: Foul Ball, location: 2F
3-2: Strikes out swinging
Batting: RHB Jake Shelton 0-0: Ball
1-0: Foul Ball, location: 2F
1-1: Ball
2-1: Foul Ball, location: 2F
2-2: Fly out, F4 (Flyball, 34D, EV 83.1 MPH)
Bottom of the 1st over - 0 runs, 1 hit, 0 errors, 2 left on base; West Virginia 4 - Greensboro 0
TOP OF THE 2ND
West Virginia Power batting - Pitching for Greensboro Grasshoppers : RHP Zack Evans
Batting: RHB Jordan Robinson 0-0: Called Strike
0-1: Ball
1-1: Foul Ball, location: 2F
1-2: Strikes out looking
Batting: RHB Jose Lozano 0-0: Called Strike
0-1: Foul Ball, location: 2F
0-2: Ball
1-2: Foul Ball, location: 2F
1-2: Ball
2-2: Ball
3-2: Foul Ball, location: 2F
3-2: Strikes out swinging
Batting: LHB Pat Baker 0-0: Ball
1-0: Ball
2-0: Swinging Strike
2-1: Ball
3-1: SINGLE (Groundball, 6D, EV 100.6 MPH)
Batting: RHB Tom Primmer 0-0: Called Strike
0-1: DOUBLE (Flyball, 8LXD, EV 103.8 MPH)
Pat Baker to third
Batting: RHB Chris Beckham 0-0: Foul Ball, location: 2F
0-1: Foul Ball, location: 2F
0-2: Ball
Wild Pitch!
Pat Baker scores
Tom Primmer to third
1-2: Ball
2-2: Foul Ball, location: 2F
2-2: SINGLE (Line Drive, 7S, EV 93.8 MPH)
Tom Primmer scores
Pitching: RHP Jeremy Akande
Batting: RHB Roberto Guzman 0-0: Called Strike
0-1: Ball
1-1: Fielders Choice at 2nd, 6-4 (Groundball, 56, EV 90.0 MPH)
Top of the 2nd over - 2 runs, 3 hits, 0 errors, 1 left on base; West Virginia 6 - Greensboro 0
BOTTOM OF THE 2ND
Greensboro Grasshoppers batting - Pitching for West Virginia Power : RHP Nelson Villalva
Batting: RHB Gavin Helton 0-0: SINGLE (Flyball, 4D, EV 85.0 MPH)
Batting: RHB Kyle Ashton 0-0: Ball
1-0: Ball
2-0: Called Strike
2-1: Ball
3-1: Foul Ball, location: 2F
3-2: Fly out, F8 (Flyball, 78D, EV 84.4 MPH)
Batting: RHB John Jackson 0-0: Ball
Gavin Helton steals 2nd base (no throw)
1-0: Called Strike
1-1: Foul Ball, location: 2F
1-2: Foul Ball, location: 2F
1-2: Fly out, F7 (Flyball, 7LS, EV 74.4 MPH)
Batting: RHB Humberto Oros 0-0: Ball
1-0: Called Strike
1-1: Swinging Strike
1-2: Ground out 4-3 (Groundball, 34, EV 90.6 MPH)
Bottom of the 2nd over - 0 runs, 1 hit, 0 errors, 1 left on base; West Virginia 6 - Greensboro 0
TOP OF THE 3RD
West Virginia Power batting - Pitching for Greensboro Grasshoppers : RHP Jeremy Akande
Batting: RHB Alfredo Medrano 0-0: Ball
1-0: Called Strike
1-1: Ground out 6-3 (Groundball, 6, EV 93.8 MPH)
Batting: RHB Pleun Smit 0-0: Ball
1-0: SINGLE (Groundball, 5S, EV 73.1 MPH) (infield hit)
Batting: RHB Steve Dennis 0-0: Ball
1-0: Swinging Strike
1-1: Ball
Pleun Smit steals 2nd base (no throw)
2-1: Called Strike
2-2: Hit by Pitch
Batting: RHB Jordan Robinson 0-0: Called Strike
0-1: Swinging Strike
Balk!
Pleun Smit to third
Steve Dennis to second
0-2: Fly out, F7 (Line Drive, 7, EV 93.8 MPH)
Runner from 3rd tags up, SCORES, no throw by LF
Batting: RHB Jose Lozano 0-0: Called Strike
0-1: Ball
1-1: Ground out 6-3 (Groundball, 6S, EV 85.6 MPH)
Top of the 3rd over - 1 run, 1 hit, 0 errors, 1 left on base; West Virginia 7 - Greensboro 0
BOTTOM OF THE 3RD
Greensboro Grasshoppers batting - Pitching for West Virginia Power : RHP Nelson Villalva
Batting: RHB Rick Fell 0-0: Fly out, F8 (Flyball, 89M, EV 96.2 MPH)
Batting: LHB Jose Cabello 0-0: Swinging Strike
0-1: Ball
1-1: Swinging Strike
1-2: Strikes out swinging
Batting: RHB Akira Suzuki 0-0: Ground out 5-3 (Groundball, 56, EV 108.1 MPH)
Bottom of the 3rd over - 0 runs, 0 hits, 0 errors, 0 left on base; West Virginia 7 - Greensboro 0
TOP OF THE 4TH
West Virginia Power batting - Pitching for Greensboro Grasshoppers : RHP Jeremy Akande
Batting: LHB Pat Baker 0-0: Ball
1-0: Swinging Strike
1-1: Ball
2-1: Ball
3-1: Ground out U3 (Groundball, 3, EV 85.6 MPH)
Batting: RHB Tom Primmer 0-0: Ball
1-0: Called Strike
1-1: Foul Ball, location: 2F
1-2: Foul Ball, location: 2F
1-2: Foul Ball, location: 2F
1-2: Ball
2-2: Fly out, F7 (Line Drive, 7D, EV 86.2 MPH)
Batting: RHB Chris Beckham 0-0: Foul Ball, location: 2F
0-1: Called Strike
0-2: Ball
1-2: Strikes out swinging
Top of the 4th over - 0 runs, 0 hits, 0 errors, 0 left on base; West Virginia 7 - Greensboro 0
BOTTOM OF THE 4TH
Greensboro Grasshoppers batting - Pitching for West Virginia Power : RHP Nelson Villalva
Batting: RHB Willie Chavez 0-0: Called Strike
0-1: SOLO HOME RUN (Flyball, 7D, EV 97.5 MPH), Distance : 380 ft
Batting: RHB Jake Shelton 0-0: SINGLE (Line Drive, 8LS, EV 112.5 MPH)
Batting: RHB Gavin Helton 0-0: Called Strike
0-1: Ball
Wild Pitch!
Jake Shelton to second
1-1: Ball
2-1: Ball
3-1: Ground out 6-3 (Groundball, 6, EV 87.5 MPH)
Batting: RHB Kyle Ashton 0-0: Called Strike
0-1: Called Strike
0-2: Ground out 6-3 (Groundball, 6, EV 106.9 MPH)
Batting: RHB John Jackson 0-0: Foul Ball, location: 2F
0-1: Ball
1-1: Ball
2-1: Swinging Strike
2-2: Ball
3-2: Foul Ball, location: 2F
3-2: Strikes out swinging
Bottom of the 4th over - 1 run, 2 hits, 0 errors, 1 left on base; West Virginia 7 - Greensboro 1
TOP OF THE 5TH
West Virginia Power batting - Pitching for Greensboro Grasshoppers : RHP Jeremy Akande
Batting: RHB Roberto Guzman 0-0: Ball
1-0: SINGLE (Groundball, 6D, EV 95.6 MPH)
Batting: RHB Alfredo Medrano 0-0: Swinging Strike
0-1: Foul Ball, location: 2F
0-2: Foul Ball, location: 2F
0-2: Foul Ball, location: 2F
0-2: Fly out, F2 (Popup, 13S, EV 85.0 MPH)
Batting: RHB Pleun Smit 0-0: Foul Ball, location: 2F
0-1: Ball
1-1: Ground out 4-3 (Groundball, 34, EV 96.2 MPH)
Roberto Guzman to second
Batting: RHB Steve Dennis 0-0: Ball
1-0: Fly out, F9 (Flyball, 9LS, EV 89.4 MPH)
Top of the 5th over - 0 runs, 1 hit, 0 errors, 1 left on base; West Virginia 7 - Greensboro 1
BOTTOM OF THE 5TH
Greensboro Grasshoppers batting - Pitching for West Virginia Power : RHP Nelson Villalva
Batting: RHB Humberto Oros 0-0: Ball
1-0: Called Strike
1-1: Foul Ball, location: 2F
1-2: Ground out 3-1 (Groundball, 34, EV 97.5 MPH)
Batting: RHB Rick Fell 0-0: Called Strike
0-1: Called Strike
0-2: SINGLE (Groundball, 4MD, EV 102.5 MPH)
Batting: LHB Jose Cabello 0-0: Foul Ball, location: 2F
0-1: Swinging Strike
0-2: Ball
1-2: Strikes out swinging
Batting: RHB Akira Suzuki 0-0: Fielders Choice at 2nd, U6 (Groundball, 6M, EV 107.5 MPH)
Bottom of the 5th over - 0 runs, 1 hit, 0 errors, 1 left on base; West Virginia 7 - Greensboro 1
TOP OF THE 6TH
West Virginia Power batting - Pitching for Greensboro Grasshoppers : RHP Jeremy Akande
Batting: RHB Jordan Robinson 0-0: Ball
1-0: Foul Ball, location: 2F
1-1: Foul Ball, location: 2F
1-2: Foul Ball, location: 2F
1-2: Ball
2-2: Strikes out swinging
Pitching: RHP Matt Alexander
Batting: RHB Jose Lozano 0-0: Called Strike
0-1: Ball
1-1: Swinging Strike
1-2: Strikes out swinging passed ball, reaches first!
Batting: LHB Pat Baker 0-0: Called Strike
0-1: Foul Ball, location: 2F
0-2: Ball
1-2: Strikes out swinging
Batting: RHB Tom Primmer 0-0: Ball
Pickoff Throw to First - Out! 1-3
Top of the 6th over - 0 runs, 0 hits, 0 errors, 0 left on base; West Virginia 7 - Greensboro 1
BOTTOM OF THE 6TH
Greensboro Grasshoppers batting - Pitching for West Virginia Power : RHP Nelson Villalva
Pitching: RHP George Clarke
Batting: RHB Willie Chavez 0-0: Ball
1-0: Ball
2-0: Ball
3-0: Called Strike
3-1: Foul Ball, location: 2F
3-2: Foul Ball, location: 2F
3-2: SOLO HOME RUN (Flyball, 7D, EV 94.4 MPH), Distance : 370 ft
Batting: RHB Jake Shelton 0-0: Called Strike
0-1: Foul Ball, location: 2F
0-2: Ball
1-2: Ball
2-2: Strikes out swinging
Batting: RHB Gavin Helton 0-0: Ball
1-0: Ball
2-0: Foul Ball, location: 2F
2-1: SINGLE (Line Drive, 7S, EV 100.6 MPH)
Batting: RHB Kyle Ashton 0-0: Called Strike
Gavin Helton steals 2nd base
0-1: Called Strike
Gavin Helton steals 3rd base
0-2: Ball
1-2: Ground out 5-3 (Groundball, 56S, EV 60.6 MPH)
Gavin Helton scores
Batting: RHB John Jackson 0-0: Ball
1-0: Ground out 5-3 (Groundball, 56, EV 92.5 MPH)
Bottom of the 6th over - 2 runs, 2 hits, 0 errors, 0 left on base; West Virginia 7 - Greensboro 3
TOP OF THE 7TH
West Virginia Power batting - Pitching for Greensboro Grasshoppers : RHP Matt Alexander
Batting: RHB Tom Primmer 0-0: Called Strike
0-1: Ball
1-1: Ball
2-1: Called Strike
2-2: Ball
3-2: Foul Ball, location: 2F
3-2: SINGLE (Groundball, 4MS, EV 71.9 MPH) (infield hit)
Batting: RHB Chris Beckham 0-0: Called Strike
0-1: Grounds into double play, 5-4-3 (Groundball, 5, EV 103.1 MPH)
Batting: RHB Roberto Guzman 0-0: Called Strike
0-1: Ball
1-1: DOUBLE (Flyball, 78D, EV 94.4 MPH)
Batting: RHB Alfredo Medrano 0-0: Called Strike
0-1: Fly out, F9 (Flyball, 9S, EV 90.0 MPH)
Top of the 7th over - 0 runs, 2 hits, 0 errors, 1 left on base; West Virginia 7 - Greensboro 3
BOTTOM OF THE 7TH
Greensboro Grasshoppers batting - Pitching for West Virginia Power : RHP George Clarke
Pitching: RHP Travis Luckett
Batting: RHB Humberto Oros 0-0: Fly out, F8 (Flyball, 8RS, EV 87.5 MPH)
Batting: RHB Rick Fell 0-0: Ball
1-0: Ball
2-0: Foul Ball, location: 2F
2-1: Foul Ball, location: 2F
2-2: Ball
3-2: Base on Balls
Batting: LHB Jose Cabello 0-0: Ball
1-0: Fly out, F7 (Flyball, 7, EV 90.0 MPH)
Batting: RHB Akira Suzuki 0-0: Ball
1-0: Called Strike
Rick Fell steals 2nd base
1-1: Ball
2-1: DOUBLE (Flyball, 89D, EV 103.8 MPH)
Rick Fell scores
Batting: RHB Willie Chavez 0-0: Ball
1-0: Foul Ball, location: 2F
1-1: SINGLE (Groundball, 3D, EV 110.0 MPH)
Akira Suzuki to third
Runner from 3rd tries for Home, throw by RF and OUT! 9-2
Bottom of the 7th over - 1 run, 2 hits, 0 errors, 1 left on base; West Virginia 7 - Greensboro 4
TOP OF THE 8TH
West Virginia Power batting - Pitching for Greensboro Grasshoppers : RHP Matt Alexander
Pitching: RHP Glen Patterson
Batting: RHB Pleun Smit 0-0: Called Strike
0-1: Called Strike
0-2: Ball
1-2: Strikes out looking
Batting: RHB Steve Dennis 0-0: Called Strike
0-1: Ball
1-1: Swinging Strike
1-2: Ball
2-2: Strikes out swinging
Batting: RHB Jordan Robinson 0-0: Ball
1-0: Called Strike
1-1: Called Strike
1-2: Foul Ball, location: 2F
1-2: Foul Ball, location: 2F
1-2: Strikes out swinging
Top of the 8th over - 0 runs, 0 hits, 0 errors, 0 left on base; West Virginia 7 - Greensboro 4
BOTTOM OF THE 8TH
Greensboro Grasshoppers batting - Pitching for West Virginia Power : RHP Travis Luckett
Batting: RHB Jake Shelton 0-0: Ball
1-0: Foul Ball, location: 2F
1-1: Foul Ball, location: 2F
1-2: Ball
2-2: Fly out, F4 (Popup, 4M, EV 59.4 MPH)
Batting: RHB Gavin Helton 0-0: Ball
1-0: Ball
2-0: Ground out 4-3 (Groundball, 4, EV 106.2 MPH)
Batting: RHB Kyle Ashton 0-0: Called Strike
0-1: SINGLE (Groundball, 56S, EV 72.5 MPH) (infield hit)
Batting: RHB John Jackson 0-0: Ball
1-0: Ball
2-0: Ball
3-0: Called Strike
3-1: Base on Balls
Kyle Ashton to second
Batting: RHB Humberto Oros 0-0: Called Strike
0-1: Ball
1-1: Ball
2-1: Ground out 1-3 (Groundball, 15S, EV 66.2 MPH)
Bottom of the 8th over - 0 runs, 1 hit, 0 errors, 2 left on base; West Virginia 7 - Greensboro 4
TOP OF THE 9TH
West Virginia Power batting - Pitching for Greensboro Grasshoppers : RHP Glen Patterson
Batting: RHB Jose Lozano 0-0: Ball
1-0: Foul Ball, location: 2F
1-1: Hit by Pitch
Batting: LHB Pat Baker 0-0: Ball
1-0: Fly out, F7 (Flyball, 78XD, EV 101.9 MPH)
Batting: RHB Tom Primmer 0-0: Foul Ball, location: 2F
0-1: Ball
1-1: Fly out, F7 (Flyball, 7S, EV 80.0 MPH)
Batting: RHB Chris Beckham 0-0: Ball
1-0: Called Strike
1-1: Fielders Choice at 2nd, 6-4 (Groundball, 6, EV 83.1 MPH)
Top of the 9th over - 0 runs, 0 hits, 0 errors, 1 left on base; West Virginia 7 - Greensboro 4
BOTTOM OF THE 9TH
Greensboro Grasshoppers batting - Pitching for West Virginia Power : RHP Travis Luckett
Pitching: RHP Mike West
Now at 1B: Dennis Coppolino
Batting: RHB Rick Fell 0-0: Ball
1-0: Foul Ball, location: 2F
1-1: Called Strike
1-2: Ball
2-2: Ball
3-2: Base on Balls
Batting: LHB Jose Cabello 0-0: Ball
1-0: Swinging Strike
1-1: Foul Ball, location: 2F
1-2: Foul Ball, location: 2F
1-2: Ball
2-2: Strikes out looking
Batting: RHB Akira Suzuki 0-0: SINGLE (Line Drive, 4D, EV 93.8 MPH)
Rick Fell to second
Batting: RHB Willie Chavez 0-0: Ball
1-0: Foul Ball, location: 2F
1-1: Ball
2-1: Ball
3-1: Base on Balls
Rick Fell to third
Akira Suzuki to second
Batting: RHB Jake Shelton 0-0: Ball
1-0: Called Strike
1-1: Ball
2-1: Called Strike
2-2: Foul Ball, location: 2F
2-2: Fly out, F7 (Flyball, 78D, EV 86.2 MPH)
Batting: RHB Gavin Helton 0-0: Ball
1-0: Ball
2-0: Swinging Strike
2-1: Ball
3-1: Swinging Strike
3-2: Foul Ball, location: 2F
3-2: Strikes out swinging
Bottom of the 9th over - 0 runs, 1 hit, 0 errors, 3 left on base; West Virginia 7 - Greensboro 4
Wednesday, June 22nd , 2022 - OOTP Baseball 23.4 Build 64